 Dungeon Crawl Stone Soup version 0.17.0-7-gfadd4cc (webtiles) character file.

2369 septik the Cudgeler (level 9, -7/56 HPs)
             Began as a Gargoyle Fighter on Nov 8, 2015.
             Was a Follower of Nemelex Xobeh.
             Killed by divine providence
             ... invoked by an orc priest
              (9 damage)
             ... on level 7 of the Dungeon.
             The game lasted 00:24:54 (7146 turns).

septik the Cudgeler (Gargoyle Fighter)              Turns: 7146, Time: 00:24:55

Health: -7/56      AC: 21    Str: 19      XL:     9   Next: 44%
Magic:  18/18      EV:  5    Int: 10      God:    Nemelex Xobeh [*.....]
Gold:   420        SH: 10    Dex: 11 (12) Spells: 0 memorised, 8 levels left

rFire  . . .     SeeInvis .     a - +0 flail
rCold  . . .     Clarity  +     Q - +0 plate armour
rNeg   + + .     SustAt   .     c - +0 shield
rPois  ∞         Gourm    .     k - +1 helmet
rElec  +         Spirit   .     (no cloak)
rCorr  .         Warding  .     A - +0 pair of gloves
rMut   .         Stasis   .     (no boots)
MR     .....                    I - amulet of clarity
Stlth  ..........               N - ring of positive energy
                                J - ring of magical power

@: not resistant to hostile enchantments, extremely unstealthy
A: negative energy resistance 1, electricity resistance, unbreathing,
petrification resistance, rot immunity, AC +5
a: Renounce Religion


You were on level 7 of the Dungeon.
You worshipped Nemelex Xobeh.
Nemelex Xobeh was aware of your devotion.
You were hungry.

You visited 2 branches of the dungeon, and saw 8 of its levels.

You collected 420 gold pieces.

Inventory:

Hand Weapons
 a - a +0 flail (weapon)
 b - a +0 hunting sling
 q - a +1 short sword of venom
 s - a +0 hand crossbow
Missiles
 i - 194 stones (quivered)
 j - 6 needles of frenzy
 t - 17 poisoned needles
 y - 41 sling bullets
 z - 7 tomahawks
 E - 5 curare-tipped needles
 K - 12 bolts of flame
Armour
 c - a +0 shield (worn)
 k - a +1 helmet (worn)
 r - a +0 scale mail
 A - a +0 pair of gloves (worn)
 Q - a +0 plate armour (worn)
Jewellery
 g - an uncursed amulet of stasis
 I - an amulet of clarity (around neck)
 J - a ring of magical power (left hand)
 N - a ring of positive energy (right hand)
Wands
 w - a wand of digging (12)
Scrolls
 f - 4 scrolls of magic mapping
 h - 4 scrolls of remove curse
 m - 5 scrolls of identify
 n - 4 scrolls of teleportation
 u - a scroll of recharging
 B - a scroll of enchant armour
 D - 3 scrolls of blinking
Potions
 d - a potion of might
 o - 2 potions of flight
 p - 3 potions of poison {unknown}
 v - a potion of degeneration {unknown}
 C - a potion of curing {unknown}
 L - 3 potions of cancellation {unknown}
 M - 3 potions of invisibility {unknown}
 O - 2 potions of mutation {unknown}
Miscellaneous
 H - a plain deck of escape {drawn: 4}
Comestibles
 e - 2 bread rations
 l - 2 meat rations
 x - 4 beef jerkies
 F - a royal jelly
 P - 4 fruits


   Skills:
 + Level 6.4 Fighting
 * Level 7.5 Maces & Flails
 + Level 6.2 Armour
 + Level 4.3 Dodging
 - Level 6.1 Shields


You had 8 spell levels left.
You didn't know any spells.

Dungeon Overview and Level Annotations

Branches:
Dungeon (7/15)             Temple (1/1) D:5

Altars:
Ashenzari
Cheibriados
Elyvilon
Fedhas
Gozag
Kikubaaqudgha
Makhleb
Nemelex Xobeh
Okawaru
Qazlal
Ru
Sif Muna
Trog
Vehumet
Xom
The Shining One
Lugonu

Shops:
D:6 (

Annotations:
D:4 exclusion: downstairs


Innate Abilities, Weirdness & Mutations

You are resistant to torment.
Your stone body is resilient (AC +5).
You are immune to poison.
You resist negative energy.
You are resistant to electric shocks.
You can survive without breathing.
You are immune to petrification.
You are immune to rotting.


Message History

The giant cockroach bites you but does no damage.
The orc warrior hits you from afar with a trident!
* * * LOW HITPOINT WARNING * * *
You sock something!
Reactivating autopickup.
You feel a bit more experienced. The giant cockroach barely misses you.
You hit the orc.
The orc is almost dead.
The giant cockroach bites you but does no damage.
The orc warrior completely misses you. You block the orc's attack.
The giant cockroach bites you but does no damage.
You hit the orc but do no damage.
The orc is almost dead.
The orc warrior hits you from afar with a trident!
* * * LOW HITPOINT WARNING * * *
You block the giant cockroach's attack. The orc barely misses you.
The orc priest calls down the wrath of Beogh upon you.
Something smites you!
You die...
Your body disappears without a glow.

#.# #.# #o# #o# #{#
#o# #s# #.#######
#@# #......>###o##
#.......)./o.#
.#####.###).######.
#.# #......... #.#
##(######. #.# #(#
#.# #.# #.#
#........


You could see an orc warrior, an orc priest, 3 orcs and a giant cockroach.

Vanquished Creatures
  The ghost of septik the Insei, an amateur OpTm (D:4)
  A hungry ghost (D:6)
  Menkaure (D:4)
  A water moccasin (D:6)
  A black bear (D:7)
  A phantom (D:6)
  2 centaurs
  5 ogres
  Blork the orc (D:6)
  3 giant frogs
  A water moccasin zombie (D:6)
  A scorpion (D:7)
  A quasit (D:6)
  A centaur skeleton (D:6)
  A giant frog skeleton (D:4)
  A jelly (D:5)
  An orc priest (D:6)
  Ijyb (D:2)
  4 orc wizards
  Natasha (thrice) (D:4)
  2 iguanas (D:4)
  2 hound skeletons
  4 gnolls
  9 adders
  A white imp (D:5)
  3 shadow imps
  An ooze (D:3)
  4 worms
  An adder skeleton (D:5)
  4 giant geckos
  30 orcs
  4 ball pythons
  4 giant cockroaches
  8 hobgoblins
  2 quokkas
  5 bats
  6 giant newts
  8 goblins
  A goblin skeleton (D:5)
  A goblin zombie (D:5)
  2 hobgoblin zombies (D:5)
  10 jackals
  2 jackal skeletons
  8 kobolds
  5 orc zombies (D:5)
  A quokka skeleton (D:4)
  8 rats
168 creatures vanquished.

Notes
Turn   | Place    | Note
--------------------------------------------------------------
     0 | D:1      | septik the Gargoyle Fighter began the quest for the Orb.
     0 | D:1      | Reached XP level 1. HP: 14/14 MP: 1/1
   235 | D:1      | Reached XP level 2. HP: 16/19 MP: 2/2
   964 | D:2      | Reached XP level 3. HP: 23/23 MP: 3/3
   966 | D:2      | Reached skill level 1 in Dodging
  1101 | D:2      | Noticed a moth of wrath
  1103 | D:2      | Found a bloodstained altar of Trog.
  1186 | D:2      | Reached XP level 4. HP: 28/28 MP: 4/4
  1209 | D:2      | Found an opulent altar of Gozag.
  1568 | D:2      | Noticed Ijyb
  1592 | D:2      | Killed Ijyb
  1821 | D:3      | Reached XP level 5. HP: 33/33 MP: 5/5
  1937 | D:3      | Found a radiant altar of Vehumet.
  1957 | D:3      | Found a white marble altar of Elyvilon.
  2142 | D:3      | Reached skill level 4 in Shields
  2882 | D:4      | Noticed an ogre
  2942 | D:4      | Reached XP level 6. HP: 38/38 MP: 6/6
  2954 | D:4      | Noticed Natasha
  2961 | D:4      | Killed Natasha
  3095 | D:4      | Found a deep blue altar of Sif Muna.
  3175 | D:4      | Noticed septik's ghost (amateur OpTm)
  3184 | D:4      | Killed septik's ghost
  3184 | D:4      | Reached XP level 7. HP: 31/44 MP: 7/7
  3220 | D:4      | Noticed Natasha
  3239 | D:4      | Killed Natasha
  3251 | D:4      | Noticed Natasha
  3268 | D:4      | Killed Natasha
  3324 | D:4      | Noticed Menkaure
  3325 | D:4      | Killed an ogre
  3338 | D:5      | Entered Level 5 of the Dungeon
  3645 | D:4      | Killed Menkaure
  3645 | D:4      | Reached skill level 5 in Maces & Flails
  3645 | D:4      | Reached skill level 5 in Shields
  3878 | D:4      | Reached skill level 5 in Fighting
  3924 | D:5      | Found a staircase to the Ecumenical Temple.
  3932 | Temple   | Entered the Ecumenical Temple
  3974 | Temple   | Became a worshipper of Nemelex Xobeh the Trickster
  4011 | D:5      | Reached skill level 5 in Armour
  4029 | D:5      | Received a gift from Nemelex Xobeh
  4140 | D:5      | Found a blossoming altar of Fedhas.
  4268 | D:5      | Reached XP level 8. HP: 42/49 MP: 8/8
  4312 | D:5      | Found a glowing golden altar of the Shining One.
  4987 | D:6      | Found a shimmering altar of Xom.
  4990 | D:6      | Found Juthroc's Weapon Shoppe.
  5059 | D:6      | Found an iron altar of Okawaru.
  5426 | D:6      | Reached skill level 6 in Maces & Flails
  5642 | D:6      | Reached * piety under Nemelex Xobeh
  5650 | D:6      | Noticed Blork the orc
  5959 | D:6      | Killed Blork the orc
  6385 | D:6      | Reached XP level 9. HP: 55/55 MP: 9/9
  6597 | D:6      | Reached skill level 7 in Maces & Flails
  7146 | D:7      | HP: 2/56 [orc warrior/trident (13)]
  7146 | D:7      | Killed from afar by an orc priest

Action                   |  1- 3 |  4- 6 |  7- 9 || total
-------------------------+-------+-------+-------++-------
Melee: Flail             |   139 |   217 |   517 ||   873
 Fire: Hunting sling     |       |    17 |    40 ||    57
Throw: Stone             |       |       |     2 ||     2
Evoke: Deck              |       |       |     4 ||     4
       Wand              |       |       |     1 ||     1
  Use: Scroll            |       |     3 |     4 ||     7
  Eat: Chunk             |     1 |     7 |    14 ||    22
       Bread ration      |       |       |     4 ||     4
